Zazza, neutral female human Tourist ---- ------------- |..| |...........| ------- |..| |............# #######)+....)| ---- |...........|# |....)| |...........|### |....q)# ------+------ # ------------# #.)..f<|# ## ##...........|# #-------# # |..........|# ### # ###### |..........|# # # --.-- |.........>|############ # # ##+...| |...........##########-+----# # # |....###### |..........| #|...!|# # ----- ### |...| ------------ |....|# # #####` |...| # |...| |(.#.|# #-------.--- |...|### ----- ####################......# #|.........| |...|# ------ #|.....{...| |...+# #..........| ----- ----------- # Zazza the Sightseer Experience level: 3 Strength: 12 Dexterity: 13 Constitution: 14 Intelligence: 11 Wisdom: 8 Charisma: 17 Health: 0(20) Energy: 10(10) Def: 1 Gold: 1859 Moves: 2318 Dungeon seed: jcfDwJmmO3qw3KWT Game ID: Zazza_1564477622 Your Inventory: Coins $ - 1859 gold pieces Weapons a - 24 +2 darts (in quiver) t - a +0 orcish dagger (weapon in hand) B - a +0 broadsword C - a +0 elven short sword R - a +0 long sword Armor e - an uncursed +0 Hawaiian shirt (being worn) r - an uncursed +0 orcish helm (being worn) Comestibles c - 2 uncursed oranges d - 2 uncursed pears f - 5 uncursed food rations E - an uncursed egg Scrolls k - an uncursed scroll of magic mapping G - a cursed scroll of light K - an uncursed scroll of scare monster Q - an uncursed scroll of light Potions i - an uncursed potion of extra healing j - a blessed potion of extra healing o - an uncursed potion of paralysis s - an uncursed potion of hallucination u - a cursed potion of healing I - an uncursed potion of blindness S - a cursed potion of hallucination Wands p - a wand of make invisible (0:4) v - a blessed wand of speed monster (0:1) A - a wand of polymorph (0:5) Tools l - an expensive camera (0:57) m - an uncursed credit card q - an uncursed blindfold D - a cursed figurine of an acid blob Gems y - 3 uncursed worthless pieces of yellowish brown glass z - an uncursed worthless piece of white glass N - an uncursed worthless piece of violet glass Spells and supernatural/magical abilities: Name Level Category Fail Memory W - pray for help -- divine ? -- Your skills at the end: Fighting Skills Weapon Skills dart [Basic] Spellcasting Skills Final Attributes: You were stridently aligned. You were invisible. You were fast. You are dead. Vanquished creatures: a floating eye a kobold shaman a dwarf zombie a gas spore a giant rat a green mold a red mold a gnome zombie a jackal a fox a kobold a goblin 2 sewer rats 7 grid bugs 4 lichens 3 newts 28 creatures vanquished. Voluntary challenges: You were an atheist. You used a wielded weapon 10 times, starting on turn 784. You read items or engraved 12 times, starting on turn 71. You never genocided any monsters. You never polymorphed an object. You never changed form. You used no wishes. You never split a pudding. You wrote Elbereth's name 6 times, starting on turn 71. You never violated your personal moral code. Dungeon overview: The Dungeons of Doom: levels 1 to 7 Level 1 a long staircase Level 2 a potion shop Level 3 a general store stairs to The Gnomish Mines Level 4 Level 5 a fountain Level 6 a general store, a fountain Level 7 <- You were here a bookstore, a fountain, a sink The Gnomish Mines: Level 4 stairs to The Dungeons of Doom History has recorded: On T:1 you entered the Dungeons of Doom to retrieve the Amulet of Yendor! On T:250 you reached level 2 of The Dungeons of Doom. On T:519 you reached level 3 of The Dungeons of Doom. On T:782 you reached level 1 of The Gnomish Mines. On T:863 you reached level 4 of The Dungeons of Doom. On T:1040 you advanced to experience level 2. On T:1349 you reached level 5 of The Dungeons of Doom. On T:1655 you advanced to experience level 3. On T:1706 you reached level 6 of The Dungeons of Doom. On T:2066 you reached level 7 of The Dungeons of Doom. Score breakdown: Gold: 1304 (10598 points) Experience: 3 levels ( 7878 points) Exploration: 7 levels ( 15.56%) (11078 points) Discoveries: 3 items ( 1.01%) ( 3010 points) Valuables value: (no points given unless you survive) Artifact value: 0 ( 0 points) Variety of kills: 16 monsters ( 4.20%) ( 6147 points) Turncount: 2318 turns ( -218 points) Survival: died (score multiplied by 80%) Total score: 30794 Latest messages: The dart hits it. The dart misses it. You add to the writing in the dust with your fingers. There is a staircase up here. Something is written here in the dust. You read: "El c?e??Elb-reth". You wipe out the message that was written in the dust here. You write in the dust with your fingers. You hear a door open. The rothe hits! The rothe bites! You die... Final status: Aloha Zazza the Tourist, killed by a rothe... You died in The Dungeons of Doom on dungeon level 7 with 30794 points, and 1859 pieces of gold, after 2318 moves. You were level 3 with a maximum of 20 hit points when you died.